 Dungeon Crawl Stone Soup version 0.25.0-46-gbd7b0854d2 (webtiles) character file.

Game seed: 2915312769984182334

900 Delamore the Cleaver (level 8, -5/58 HPs)
             Began as a Formicid Fighter on July 15, 2020.
             Slain by a wight
             ... wielding a +5 short sword
              (7 damage)
             ... on level 3 of the Dungeon.
             The game lasted 00:03:42 (4512 turns).

Delamore the Cleaver (Formicid Fighter)             Turns: 4512, Time: 00:03:43

Health: -5/58      AC:  7    Str: 24    XL:     8   Next: 28%
Magic:  8/8        EV:  9    Int:  7    God:
Gold:   235        SH:  4    Dex: 10    Spells: 7/7 levels left

rFire    + . .     SeeInvis +   u - +0 hand axe (curse)
rCold    . . .     Gourm    .   p - +0 buckler (curse)
rNeg     . . .     Faith    .   b - +0 scale mail
rPois    .         Spirit   .   (helmet unavailable)
rElec    .         Reflect  .   (no cloak)
rCorr    .         Harm     .   s - +0 pair of gloves
MR       .....                  (no boots)
Stlth    ..........             (no amulet)
HPRegen  0.19/turn              n - ring of protection from fire (curse)
MPRegen  0.11/turn              (no ring)

@: drained
A: permanent stasis, dig shafts and tunnels, four strong arms, antennae 3
a: Dig, Shaft Self


You were on level 3 of the Dungeon.
You were not hungry.

You visited 1 branch of the dungeon, and saw 5 of its levels.

You collected 235 gold pieces.

Inventory:

Hand Weapons
 a - a +0 war axe
 u - a cursed +0 hand axe (weapon)
Missiles
 y - 3 curare-tipped darts (quivered)
Armour
 b - a +0 scale mail (worn)
 c - a +0 kite shield
 p - a cursed +0 buckler (worn)
 s - a +0 pair of gloves (worn)
Jewellery
 n - a cursed ring of protection from fire (left hand)
Wands
 v - a wand of iceblast (12)
 x - a wand of digging (5)
Scrolls
 e - 4 scrolls of teleportation {unknown}
 g - 3 scrolls of blinking {unknown}
 h - 5 scrolls of identify {unknown}
 i - a scroll of fear {unknown}
 j - 4 scrolls of remove curse {unknown}
 m - 2 scrolls of enchant armour {unknown}
 w - a scroll of noise {unknown}
 z - a scroll of magic mapping {unknown}
Potions
 d - a potion of might
 k - a potion of stabbing {unknown}
 l - 2 potions of lignification {unknown}
 o - 2 potions of invisibility {unknown}
 q - a potion of curing
 t - a potion of heal wounds {unknown}
Comestibles
 f - 7 rations
 r - 2 chunks of flesh


   Skills:
 - Level 3.2(2.6) Fighting
 + Level 9.2(8.4) Axes
 - Level 3.2(2.6) Armour
 - Level 3.6(2.9) Shields


You had 7 spell levels left.
You didn't know any spells.
Your spell library was empty.

Dungeon Overview and Level Annotations

Branches:
Dungeon (5/15)
 Temple: D:4-7

Altars:
Gozag
Nemelex Xobeh
Ru
The Shining One


Innate Abilities, Weirdness & Mutations

You cannot be hasted, slowed, berserked, paralysed or teleported.
You can dig through walls and to a lower floor.
Your four strong arms can wield two-handed weapons with a shield.
You have a pair of large antennae on your head. (SInv)


Message History

The wight is severely damaged.
You hit the wight.
You destroy the wight!
The wight hits you with a +5 short sword.
* * * LOW HITPOINT WARNING * * *
You feel drained.
* * * LOW HITPOINT WARNING * * *
You completely miss the wight.
The wight is severely damaged.
The wight hits you but does no damage.
You closely miss the wight.
The wight is severely damaged.
The wight hits you with a +5 short sword.
* * * LOW HITPOINT WARNING * * *
You hit the wight.
The wight is almost destroyed.
You barely miss the wight.
The wight is almost destroyed.
The wight hits you with a +5 short sword!
You die...

##### #.... #.###
########....
#........###
#...........
#######.........##
#@)....(.)........
#z#####.........##
#.# #.........#
#.# #.........##
#.#############.#.
#....[............
#.#############.#.
#.# #... #.# ####


You could see a wight.

Vanquished Creatures
  Menkaure (D:4)
  An ogre (D:5)
  2 centaurs (D:5)
  2 scorpions
  2 wights
  A hound (D:3)
  An orc priest (D:3)
  A jelly (D:5)
  An orc wizard (D:3)
  A centaur skeleton (D:5)
  2 worker ants
  2 hound skeletons (D:4)
  4 adders
  3 oozes
  5 worms
  A dart slug (D:2)
  3 leopard geckos
  6 orcs
  2 ball pythons
  8 bats
  5 giant cockroaches
  6 goblins
  6 hobgoblins
  6 jackals
  7 kobolds
  A quokka (D:3)
  4 frilled lizards
  A quokka skeleton (D:4)
  10 rats
95 creatures vanquished.

Notes
Turn   | Place    | Note
-------+----------+-------------------------------------------
     0 | D:1      | Delamore the Formicid Fighter began the quest for the Orb.
     0 | D:1      | Reached XP level 1. HP: 18/18 MP: 1/1
   115 | D:1      | Reached XP level 2. HP: 24/24 MP: 2/2
   129 | D:1      | Reached skill level 3 in Axes
   419 | D:1      | Reached XP level 3. HP: 29/29 MP: 3/3
  1106 | D:2      | Reached skill level 4 in Axes
  1106 | D:2      | Reached XP level 4. HP: 11/35 MP: 4/4
  1895 | D:3      | Reached skill level 5 in Axes
  1895 | D:3      | Reached XP level 5. HP: 41/41 MP: 5/5
  2171 | D:3      | Reached XP level 6. HP: 47/47 MP: 6/6
  2211 | D:3      | Found an opulent altar of Gozag.
  2633 | D:4      | Found a sparkling altar of Nemelex Xobeh.
  2637 | D:4      | Reached skill level 6 in Axes
  2792 | D:4      | Found a glowing golden altar of the Shining One.
  2867 | D:4      | Found a sacrificial altar of Ru.
  3103 | D:4      | Noticed Menkaure
  3121 | D:4      | Killed Menkaure
  3121 | D:4      | Reached skill level 7 in Axes
  3121 | D:4      | Reached XP level 7. HP: 20/52 MP: 7/7
  3550 | D:5      | Entered Level 5 of the Dungeon
  3591 | D:5      | Reached skill level 8 in Axes
  3898 | D:5      | Reached XP level 8. HP: 24/58 MP: 8/8
  4479 | D:4      | Reached skill level 9 in Axes
  4510 | D:3      | HP: 2/58 [wight/+5 short sword (5)]
  4512 | D:3      | Slain by a wight

Illustrated notes

Levels and vault maps discovered:
D:1:      giann_wishing_wells, layout_basic
D:2:      layout_basic
D:3:      layout_basic, overflow_temple_1_default, first_ration
D:4:      layout_cave_pools, nemelex_xobeh_ov_fountains_minmay,
          chequers_temple_overflow_statue_of_worship, minmay_misc_feat_rugged,
          uniq_menkaure
D:5:      layout_loops_corners, tgw_xom

Skill      XL: |  1  2  3  4  5  6  7  8 |
---------------+-------------------------+-----
Axes           | 3 4 5 7 8 9 |  9.2
Fighting       | |  3.2
Armour         | |  3.2
Shields        | |  3.6

Action                   |  1- 3 |  4- 6 |  7- 9 || total
-------------------------+-------+-------+-------++-------
Melee: War axe           |    91 |   127 |       ||   218
       Hand axe          |       |    38 |    91 ||   129
Throw: Dart              |       |       |     3 ||     3
  Use: Potion            |       |     3 |       ||     3
  Eat: Chunk             |     1 |     6 |     1 ||     8
       Ration            |       |       |     1 ||     1
Armor: Scale mail        |    59 |    73 |    37 ||   169
Dodge: Dodged            |    41 |    56 |    36 ||   133
Block: Kite shield       |    65 |    39 |       ||   104
       Buckler           |       |    20 |    21 ||    41
